 Dungeon Crawl Stone Soup version 0.29.1-15-g9cfb28693d (webtiles) character file.

Game seed: 16441671957796811665

56 H0rd4k the Charlatan (level 4, -2/32 HPs)
             Began as a Human Artificer on Apr 24, 2023.
             Succumbed to an orc wizard's poison
             ... on level 3 of the Dungeon.
             The game lasted 00:01:38 (2119 turns).

H0rd4k the Charlatan (Human Artificer)              Turns: 2119, Time: 00:01:39

Health: -2/32      AC:  4    Str: 12    XL:     4   Next: 15%
Magic:  4/4        EV: 11    Int: 13    God:
Gold:   106        SH:  0    Dex: 14    Spells: 3/3 levels left

rFire   . . .      SeeInvis .   g - +2 dagger (elec)
rCold   . . .      Faith    .   (no shield)
rNeg    . . .      Spirit   .   b - +0 leather armour
rPois   .          Reflect  .   (no helmet)
rElec   .          Harm     .   (no cloak)
rCorr   .          Rampage  .   (no gloves)
Will    .....                   p - +0 pair of boots
Stlth   ++........              (no amulet)
HPRegen 0.10/turn               (no ring)
MPRegen 0.09/turn               (no ring)

@: lethally poisoned (-2 -> -24)
A: no striking features
a: no special abilities


You were on level 3 of the Dungeon.
You visited 1 branch of the dungeon, and saw 3 of its levels.

You collected 106 gold pieces.

Inventory:

Hand Weapons
 a - a +1 dagger of venom
 g - a +2 dagger of electrocution (weapon)
Missiles
 f - 6 javelins
Armour
 b - a +0 leather armour (worn)
 p - a +0 pair of boots (worn)
Jewellery
 k - a ring of flight
Wands
 c - a wand of flame (14) (quivered)
 d - a wand of charming (13)
 e - a wand of iceblast (5)
Scrolls
 i - 2 scrolls of identify {unknown}
 j - a scroll of summoning {unknown}
 l - a scroll of noise {unknown}
 n - a scroll of magic mapping {unknown}
 s - a scroll of blinking {unknown}
Potions
 h - a potion of lignification {unknown}
 m - a potion of curing {unknown}
 o - a potion of flight {unknown}
 q - a potion of attraction {unknown}
 r - 2 potions of degeneration {unknown}


   Skills:
 + Level 1.4 Fighting
 + Level 0.6 Short Blades
 - Level 2.0 Armour
 + Level 1.4 Dodging
 + Level 1.4 Stealth
 + Level 4.1 Evocations


You had 3 spell levels left.
You didn't know any spells.
Your spell library contained the following spells:

 Spells                   Type           Power      Damage    Failure   Level
 Gell's Gravitas          Tloc           0%         N/A       75%         3
 Lesser Beckoning         Tloc           0%         N/A       75%         3
 Ozocubu's Armour         Ice            0%         N/A       75%         3
 Teleport Other           Tloc           0%         N/A       75%         3
 Metabolic Englaciation   Hex/Ice        0%         N/A       100%        5
 Simulacrum               Ice/Necr       0%         N/A       100%        6


Dungeon Overview and Level Annotations

Branches:
Dungeon (3/15)

Altars:


Message History

The orc wizard mumbles some strange words.
The orc wizard flickers and vanishes!
Deactivating autopickup; reactivate with Ctrl-A.
You hit the orc but do no damage. The orc hits you with a +0 club.
The orc attacks as you move away! The orc closely misses you.
The orc attacks as you move away! The orc closely misses you.
You hit the orc.
The orc is severely wounded.
You closely miss the orc.
The orc is severely wounded.
The orc hits you but does no damage.
You hit the orc.
You kill the orc!
You barely miss something. Something hits you.
You are poisoned.
A bat comes into view.
You closely miss something.
You feel very sick. Something hits you.
You barely miss something.
You feel sick. Something hits you.
You are lethally poisoned!
The orc throws a boomerang.
The boomerang closely misses you.
You miss something.
* * * LOW HITPOINT WARNING * * *
You feel very sick. Something hits you but does no damage.
Unknown command.
Aiming: Charm
Press: ? - help, Shift-Dir - straight line, f - orc
Aim: an orc, wielding a +0 dagger and quivering boomerangs (chance to affect: 75%) Nothing appears to happen.
* * * LOW HITPOINT WARNING * * *
You feel very sick. Something hits you but does no damage.
You are more poisoned.
Aiming: Charm
Press: ? - help, Shift-Dir - straight line, f/p - orc
Aim: an orc, wielding a +0 dagger and quivering boomerangs (chance to affect: 75%) Nothing appears to happen.
You die...

# ######### .#
........###.##.#
#@#......# #{#.#.#
#o#.#.#
######b.)..#
...........#
..######......####
#.
#.##.....).......#
#.
#.##.###$....###.#
#. #.##.###.#.#.#
#


You could see an orc and a bat.

Vanquished Creatures
  An adder (D:2)
  2 adder zombies (D:2)
  A worm (D:2)
  2 orcs (D:3)
  3 bats
  5 endoplasms (D:2)
  5 goblins
  A hobgoblin (D:2)
  5 jackals
  A quokka (D:1)
  2 ball python skeletons (D:2)
  3 kobolds
  2 rats (D:1)
33 creatures vanquished.

Notes
Turn   | Place    | Note
-------+----------+-------------------------------------------
     0 | D:1      | H0rd4k the Human Artificer began the quest for the Orb.
     0 | D:1      | Reached XP level 1. HP: 15/15 MP: 1/1
   225 | D:1      | Reached XP level 2. HP: 18/21 MP: 2/2
   670 | D:1      | Found a faded altar of an unknown god.
   944 | D:2      | Reached XP level 3. HP: 15/26 MP: 3/3
  1117 | D:2      | Reached skill level 4 in Evocations
  1711 | D:2      | Reached XP level 4. HP: 29/32 MP: 4/4
  2119 | D:3      | Succumbed to an orc wizard's poison

Illustrated notes

Levels and vault maps discovered:
D:1:      elethiomel_arrival_quiet, layout_loops_ring,
          ebering_ecumenical_altar_webs
D:2:      layout_basic, serial_undead, serial_undead_c, serial_undead_d,
          serial_undead_b, serial_undead_a, serial_undead_e, serial_undead_b
D:3:      layout_loops_ring, grunt_gozag_breadcrumbs, grunt_ministairs_6,
          uniq_natasha

Skill      XL: |  1  2  3 |
---------------+----------+-----
Evocations     | 4 |  4.1
Fighting       | |  1.4
Short Blades   | |  0.6
Armour         | |  2.0
Dodging        | |  1.4
Stealth        | |  1.4

Action                   |  1- 3 |  4- 6 || total
-------------------------+-------+-------++-------
Melee: Dagger            |   100 |    20 ||   120
Evoke: Wand              |     1 |     2 ||     3
 Stab: Sleeping          |     2 |       ||     2
Armor: Leather armour    |    27 |     9 ||    36
Dodge: Dodged            |    57 |    19 ||    76
